 Dungeon Crawl Stone Soup version 0.17.1-3-g152610e (webtiles) character file.

1356 Goblin1989 the Poker (level 8, -1/61 HPs)
             Began as a Centaur Hunter on Feb 23, 2016.
             Was a Believer of Okawaru.
             Killed by nerve-wracking pain
             ... invoked by an orc priest
              (12 damage)
             ... on level 6 of the Dungeon on Feb 24, 2016.
             The game lasted 00:22:34 (5865 turns).

Goblin1989 the Poker (Centaur Hunter)               Turns: 5865, Time: 00:22:34

Health: -1/61      AC: 11    Str: 14    XL:     8   Next: 37%
Magic:  8/8        EV:  7    Int: 10    God:    Okawaru [**....]
Gold:   406        SH:  0    Dex: 11    Spells: 0 memorised, 7 levels left

rFire  + . .     SeeInvis .     b - +0 trident
rCold  . . .     Clarity  .     G - +3 leather armour {rF+}
rNeg   . . .     SustAt   .     (no shield)
rPois  +         Gourm    .     (no helmet)
rElec  .         Spirit   .     (no cloak)
rCorr  .         Warding  .     (no gloves)
rMut   .         Stasis   .     h - +0 centaur barding
MR     +....                    q - amulet "Qotulah" {MR+ Regen+ Str-2 Slay+3 Stlth+}
Stlth  ++........               (no ring)
                                y - ring of poison resistance

@: very quick, somewhat resistant to hostile enchantments, unstealthy
A: hooves 3, deformed body, speed 2, tough skin 3
a: Heroism, Renounce Religion


You were on level 6 of the Dungeon.
You worshipped Okawaru.
Okawaru was pleased with you.
You were not hungry.

You visited 1 branch of the dungeon, and saw 6 of its levels.
You also visited: Ossuary.

You collected 406 gold pieces.

Inventory:

Hand Weapons
 a - a +1 shortbow
 b - a +0 trident (weapon)
 v - a +1 spear of piercing
Missiles
 d - 50 arrows
Armour
 h - a +0 centaur barding (worn)
 s - a +0 ring mail
 G - a +3 leather armour of fire resistance (worn)
Jewellery
 q - the amulet "Qotulah" (around neck) {MR+ Regen+ Str-2 Slay+3 Stlth+}
   (You found it on level 4 of the Dungeon)

   [amulet of regeneration]

   It affects your strength (-2).
   It affects your accuracy and damage with ranged weapons and melee attacks
   (+3).
   It affects your resistance to hostile enchantments.
   It increases your rate of regeneration.
   It makes you more stealthy.
 y - a ring of poison resistance (left hand)
 B - an uncursed amulet of clarity {unknown}
Wands
 E - a wand of cold (6)
Scrolls
 c - 2 scrolls of teleportation
 j - 2 scrolls of immolation
 l - 2 scrolls of magic mapping {unknown}
 n - a scroll of fog
 p - 2 scrolls of random uselessness
 u - 4 scrolls of remove curse
 w - 3 scrolls of enchant armour
 C - a scroll of identify
Potions
 i - a potion of cancellation
 k - 2 potions of haste
 m - a potion of resistance
 o - a potion of ambrosia
 r - 2 potions of flight
 t - 4 potions of curing
 x - a potion of heal wounds
 z - 3 potions of agility {unknown}
 A - a potion of lignification {unknown}
 D - 4 potions of magic
Comestibles
 e - 2 bread rations
 f - 12 fruits
 g - a beef jerky


   Skills:
 - Level 2.0 Fighting
   Level 5.9 Maces & Flails
 + Level 6.6 Polearms
 - Level 6.3 Bows
 - Level 1.3 Dodging
 - Level 0.5 Stealth


You had 7 spell levels left.
You didn't know any spells.

Dungeon Overview and Level Annotations

Branches:
Dungeon (6/15)             Temple (0/1) D:6

Altars:
Cheibriados
Okawaru
Ru
Xom

Annotations:
D:3 Zetta's ghost, amateur MiAK
D:4 Dowan; Duvessa


Innate Abilities, Weirdness & Mutations

You have hooves in place of feet.
Armour fits poorly on your strangely shaped body.
You cover ground very quickly.
You have extremely tough skin (AC +3).


Message History

You are too injured to fight recklessly!
You are too injured to fight recklessly!
You are too injured to fight recklessly!
You are too injured to fight recklessly!
You are too injured to fight recklessly!
You are too injured to fight recklessly!
You are too injured to fight recklessly!
You are too injured to fight recklessly!
You are too injured to fight recklessly!
You are too injured to fight recklessly!
You are too injured to fight recklessly!
You are too injured to fight recklessly!
You are too injured to fight recklessly!
You are too injured to fight recklessly!
You see here an arrow.
You see here an arrow.
d - 50 arrows (gained 1)
The orc priest mumbles some strange prayers to Beogh against you.
Pain shoots through your body!
You die...

#.. #.......⌠...
#..# #.#.........
#..# #.#...⌠.>.⌠.
#..###.#.........
#>.....).....⌠...
#...........###
#.###o##(..###.
#...†(.o.......#
###.##.@###..#####
#.....(.# ..#
#.###)[.# ..# #.
#<..# ..# # #..##
..# ...# ..# .##.#
#. ... # #...


You could see an orc priest and an orc.

Vanquished Creatures
  Eustachio (D:5)
  A sky beast (D:5)
  Blork the orc (D:4)
  2 scorpions
  3 crimson imps
  A gnoll shaman (D:5)
  2 human zombies (Ossuary)
  8 orc wizards
  A jelly (D:6)
  3 orc priests
  3 worker ants
  A giant frog skeleton (D:4)
  An iguana (D:5)
  A big kobold zombie (Ossuary)
  3 mummies
  A worker ant zombie (D:5)
  6 adders
  4 gnolls (D:5)
  An ooze (D:3)
  3 adder skeletons
  An adder zombie (Ossuary)
  2 worms
  18 orcs
  A ball python (D:1)
  9 bats
  4 giant cockroaches
  6 hobgoblins
  3 jackals (D:1)
  9 kobolds
  A quokka (D:3)
  A giant gecko (D:4)
  A giant gecko skeleton (D:4)
  3 giant newts
  2 goblins
  3 goblin zombies
  9 hobgoblin zombies
  2 jackal zombies (Ossuary)
  12 kobold zombies (Ossuary)
  8 orc zombies (Ossuary)
  9 rats
  A fungus (D:3)
152 creatures vanquished.

Vanquished Creatures (others)
  A rat (D:3)
1 creature vanquished.

Grand Total: 153 creatures vanquished

Notes
Turn   | Place    | Note
--------------------------------------------------------------
     0 | D:1      | Goblin1989 the Centaur Hunter began the quest for the Orb.
     0 | D:1      | Reached XP level 1. HP: 17/17 MP: 1/1
   163 | D:1      | Reached XP level 2. HP: 18/24 MP: 2/2
   187 | D:1      | Reached skill level 6 in Bows
  1237 | D:2      | Reached XP level 3. HP: 26/29 MP: 3/3
  1275 | D:2      | Reached skill level 1 in Maces & Flails
  1897 | D:2      | Reached XP level 4. HP: 17/36 MP: 4/4
  2377 | D:3      | Noticed Zetta's ghost (amateur MiAK)
  2389 | D:3      | Reached XP level 5. HP: 25/41 MP: 5/5
  2720 | D:3      | Found an iron altar of Okawaru.
  2736 | D:3      | Found a snail-covered altar of Cheibriados.
  2738 | D:3      | Found a sacrificial altar of Ru.
  2741 | D:3      | Became a worshipper of Warmaster Okawaru
  3767 | D:4      | Noticed Blork the orc
  3803 | D:3      | Reached XP level 6. HP: 44/48 MP: 6/6
  3952 | D:4      | Killed Blork the orc
  3952 | D:4      | Reached skill level 5 in Maces & Flails
  4168 | D:4      | Got a heavily runed brass amulet
  4172 | D:4      | Identified the amulet "Qotulah" {MR+ Regen+ Str-2 Slay+3 Stlth+} (You found it on level 4 of the Dungeon)
  4306 | D:4      | Reached * piety under Okawaru
  4417 | D:4      | Noticed Duvessa
  4417 | D:4      | Noticed Dowan
  4704 | D:5      | Entered Level 5 of the Dungeon
  4704 | D:5      | Noticed Eustachio
  4724 | D:5      | Reached skill level 1 in Polearms
  4739 | D:5      | Killed Eustachio
  4739 | D:5      | Reached XP level 7. HP: 32/55 MP: 7/7
  4924 | D:5      | Reached ** piety under Okawaru
  5105 | D:5      | Found a sand-covered staircase.
  5115 | D:5      | Reached skill level 5 in Polearms
  5119 | Ossuary  | Entered an ossuary
  5246 | Ossuary  | Reached XP level 8. HP: 41/61 MP: 8/8
  5744 | D:6      | Found a shimmering altar of Xom.
  5805 | D:6      | Found a staircase to the Ecumenical Temple.
  5865 | D:6      | Killed from afar by an orc priest

Action                   |  1- 3 |  4- 6 |  7- 9 || total
-------------------------+-------+-------+-------++-------
Melee: Short sword       |    41 |       |       ||    41
       Whip              |   122 |   240 |       ||   362
       Trident           |       |    29 |   255 ||   284
 Fire: Shortbow          |    20 |    28 |    11 ||    59
  Use: Scroll            |       |       |    15 ||    15
 Stab: Sleeping          |       |       |     3 ||     3
  Eat: Bread ration      |     1 |       |       ||     1
       Chunk             |       |     1 |     1 ||     2
       Meat ration       |       |     1 |     1 ||     2
